 Dungeon Crawl Stone Soup version 0.26.0-15-gc6cd9f700b (webtiles) character file.

Game seed: 15716601312258152193

730 EnegeticOcto the Stinger (level 7, 0/51 HPs)
             Began as a Gnoll Venom Mage on Jan 16, 2021.
             Was an Initiate of Ashenzari.
             Succumbed to a worker ant's poison
             ... on level 6 of the Dungeon.
             The game lasted 00:07:03 (878 turns).

EnegeticOcto the Stinger (Gnoll Venom Mage)          Turns: 878, Time: 00:07:04

Health: 0/51       AC:  3    Str: 10    XL:     7   Next: 73%
Magic:  5/15       EV: 15    Int: 20    God:    Ashenzari [......]
Gold:   111        SH:  0    Dex: 15    Spells: 4/17 levels left

rFire    . . .     SeeInvis .   l - +2 hand axe (elec) (curse)
rCold    . . .     Faith    .   (no shield)
rNeg     . . .     Spirit   .   a - +0 robe
rPois    .         Reflect  .   (no helmet)
rElec    .         Harm     .   (no cloak)
rCorr    .         Rampage  .   (no gloves)
Will     .....                  k - +0 pair of boots (curse)
Stlth    +++.......             e - amulet of the acrobat
HPRegen  0.17/turn              (no ring)
MPRegen  0.14/turn              (no ring)

@: lethally poisoned (0 -> -3), flying
A: distributed training, fangs 1, strong nose
a: Renounce Religion, Curse Item


You were on level 6 of the Dungeon.
You worshipped Ashenzari.
Ashenzari was noncommittal.
You visited 2 branches of the dungeon, and saw 7 of its levels.

You collected 111 gold pieces.

Inventory:

Hand Weapons
 j - a +0 war axe
   (You took it off an orc on level 3 of the Dungeon)
 l - a cursed +2 hand axe of electrocution (weapon)
   (You took it off an orc on level 3 of the Dungeon)
Armour
 a - a +0 robe (worn)
 k - a cursed +0 pair of boots (worn)
   (You found it on level 3 of the Dungeon)
Jewellery
 e - an amulet of the acrobat (around neck)
   (You found it on level 1 of the Dungeon)
Scrolls
 f - a scroll of random uselessness {unknown}
 g - a scroll of magic mapping {@r5 !r}
Potions
 b - a potion of brilliance
 d - a potion of mutation
 m - a potion of flight


   Skills:
 + Level 2.6 Fighting
 + Level 2.6 Short Blades
 + Level 2.6 Long Blades
 + Level 2.6 Axes
 + Level 2.6 Maces & Flails
 + Level 2.6 Polearms
 + Level 2.6 Staves
 + Level 2.6 Slings
 + Level 2.6 Bows
 + Level 2.6 Crossbows
 + Level 2.6 Throwing
 + Level 2.6 Armour
 + Level 5.3 Dodging
 + Level 5.0 Stealth
 + Level 2.6 Shields
 + Level 2.6 Unarmed Combat
 + Level 5.7 Spellcasting
 + Level 2.1 Conjurations
 + Level 2.1 Hexes
 + Level 2.1 Summonings
 + Level 2.1 Necromancy
 + Level 2.1 Translocations
 + Level 3.1 Transmutations
 + Level 2.1 Fire Magic
 + Level 2.1 Ice Magic
 + Level 2.1 Air Magic
 + Level 2.1 Earth Magic
 + Level 5.9 Poison Magic
 + Level 3.0 Invocations
 + Level 2.6 Evocations


You had 4 spell levels left.
You knew the following spells:

 Your Spells              Type           Power        Failure   Level
a - Sting                 Tmut/Pois      92%          1%          1
b - Poisonous Vapours     Pois/Air       42%          3%          2
c - Mephitic Cloud        Conj/Pois/Air  19%          8%          3
d - Olgreb's Toxic Radia  Pois           29%          10%         4
e - Ignite Poison         Fire/Tmut/Pois 20%          7%          3

Your spell library contained the following spells:

 Spells                   Type           Power        Failure   Level


Dungeon Overview and Level Annotations

Branches:
Dungeon (6/15)             Temple (1/1) D:4

Altars:
Ashenzari
Dithmenos
Elyvilon
Gozag
Nemelex Xobeh
Qazlal
Vehumet
Wu Jian
Zin


Innate Abilities, Weirdness & Mutations

Your experience applies equally to all skills.
You have very sharp teeth.
Your uncanny sense of smell can sniff out nearby items.


Message History

Confirm with . or Enter, or press ? or * to list all spells.
Aiming: Poisonous Vapours (safe; 3% risk of failure)
Press: ? - help, Dir - move target, f - you You can't see any hostile targets that would be affected.
That would be overly suicidal.
Okay, then.
Unknown command.
You hear some strange, mumbled words.
You are confused.
You're too confused to cast spells.
Unknown command.
Something misses you.
You bump into the rock wall.
You bump into the rock wall.
A worker ant comes into view.
Something hits you!
* * * LOW HITPOINT WARNING * * *
Something closely misses you.
It was a potion of flight.
You feel very buoyant.
You fly up into the air.
The worker ant barely misses you.
It was a potion of ambrosia.
You are more confused.
You feel invigorated. The worker ant misses you.
Something hits you but does no damage.
You bump into the rock wall.
The worker ant bites you but does no damage.
Something hits you but does no damage.
You barely miss something. You hit the worker ant.
The worker ant closely misses you.
The worker ant bites you but does no damage.
You miss something. You barely miss the worker ant. Something hits you!
The worker ant closely misses you.
You feel less invigorated. Something barely misses you.
The worker ant completely misses you. Something hits you.
The worker ant completely misses you.
You see here 14 gold pieces.
You feel less confused.
There is a stone staircase leading up here.
Casting: Poisonous Vapours (safe; 3% risk of failure)
Confirm with . or Enter, or press ? or * to list all spells.
Aiming: Poisonous Vapours (safe; 3% risk of failure)
Press: ? - help, Dir - move target The spell fizzles.
The worker ant closely misses you.
Casting: Poisonous Vapours (safe; 3% risk of failure)
Confirm with . or Enter, or press ? or * to list all spells.
Aiming: Poisonous Vapours (safe; 3% risk of failure)
Press: ? - help, Dir - move target Poisonous vapours surround something!
The worker ant bites you.
You are poisoned.
The worker ant poisons you! Something hits you!
* * * LOW HITPOINT WARNING * * *
* * * LOW HITPOINT WARNING * * *
You feel sick.
Casting: Poisonous Vapours (safe; 3% risk of failure)
Confirm with . or Enter, or press ? or * to list all spells.
Aiming: Poisonous Vapours (safe; 3% risk of failure)
Press: ? - help, Dir - move target, f - worker ant
Aim: a worker ant Poisonous vapours surround the worker ant!
* * * LOW HITPOINT WARNING * * *
You feel sick.
The worker ant is engulfed in poison gas.
The worker ant is poisoned.
The worker ant barely misses you.
The worker ant is engulfed in poison gas.
The worker ant looks even sicker.
The worker ant misses you.
Okay, then.
* * * LOW HITPOINT WARNING * * *
You feel sick.
The worker ant is engulfed in poison gas.
The worker ant looks even sicker.
You kill the worker ant!
Casting: Poisonous Vapours (safe; 3% risk of failure)
Confirm with . or Enter, or press ? or * to list all spells.
Aiming: Mephitic Cloud (dangerous; 9% risk of failure)
Press: ? - help, Shift-Dir - straight line The ball explodes into a vile cloud!
The stinking cloud engulfs something but does no damage.
Casting: Mephitic Cloud (dangerous; 9% risk of failure)
Confirm with . or Enter, or press ? or * to list all spells.
You ignite the poison in your surroundings!
Something seems to burn from within!
* * * LOW HITPOINT WARNING * * *
You feel sick.
You can't unwield your weapon to draw a new one!
Quiver which item? (- for none, */% to toggle full inventory) (? for menu, Esc to quit)
Toss (no damage): 2 scrolls of teleportation {@r3 !r}
Press: ? - help, Q - select action, (/) - cycle Shift-Dir - straight line You toss away a scroll of teleportation {@r3 !r}.
* * * LOW HITPOINT WARNING * * *
You feel sick.
Reactivating autopickup.
You feel a bit more experienced.
Your Stealth skill increases to level 5!
Your Transmutations skill increases to level 3!
Your Invocations skill increases to level 3!
Toss (no damage): scroll of teleportation {@r3 !r}
Press: ? - help, Q - select action, (/) - cycle Shift-Dir - straight line You toss away a scroll of teleportation {@r3 !r}.
You die...

### #.###
#... #..#
#..######
#..$☼○.?#
∆
##.####@#
#.# #.#
### ### ∆


There were no monsters in sight!

Vanquished Creatures
  Sigmund (D:6)
  2 ogres
  A scorpion (D:5)
  A bullfrog zombie (D:5)
  A hound (D:5)
  2 orc wizards
  3 iguanas
  2 worker ants
  A hound skeleton (D:4)
  2 adders
  3 gnolls (D:5)
  A shadow imp (D:5)
  An ooze (D:5)
  An adder zombie (D:6)
  A dart slug (D:1)
  10 orcs
  4 bats
  2 hobgoblins
  6 jackals
  2 kobolds
  3 frilled lizards (D:2)
  3 goblins
  A quokka skeleton (D:4)
  3 rats
57 creatures vanquished.

Notes
Turn   | Place    | Note
-------+----------+-------------------------------------------
     0 | D:1      | EnegeticOcto the Gnoll Venom Mage began the quest for the
                  | Orb.
     0 | D:1      | Reached XP level 1. HP: 13/13 MP: 6/6
    27 | D:1      | Reached skill level 2 in Transmutations
    65 | D:1      | Reached XP level 2. HP: 19/19 MP: 3/7
   128 | D:2      | Learned a level 2 spell: Poisonous Vapours
   222 | D:2      | Reached XP level 3. HP: 16/25 MP: 6/9
   239 | D:2      | Reached skill level 5 in Spellcasting
   315 | D:3      | Reached skill level 1 in Fighting
   315 | D:3      | Reached skill level 1 in Short Blades
   315 | D:3      | Reached skill level 1 in Long Blades
   315 | D:3      | Reached skill level 1 in Axes
   315 | D:3      | Reached skill level 1 in Maces & Flails
   315 | D:3      | Reached skill level 1 in Polearms
   315 | D:3      | Reached skill level 1 in Staves
   315 | D:3      | Reached skill level 1 in Slings
   315 | D:3      | Reached skill level 1 in Bows
   315 | D:3      | Reached skill level 1 in Crossbows
   315 | D:3      | Reached skill level 1 in Throwing
   315 | D:3      | Reached skill level 1 in Armour
   315 | D:3      | Reached skill level 1 in Shields
   315 | D:3      | Reached skill level 1 in Unarmed Combat
   315 | D:3      | Reached skill level 1 in Invocations
   315 | D:3      | Reached skill level 1 in Evocations
   315 | D:3      | Reached XP level 4. HP: 8/32 MP: 0/11
   338 | D:3      | Learned a level 3 spell: Mephitic Cloud
   343 | D:3      | Learned a level 4 spell: Olgreb's Toxic Radiance
   347 | D:3      | Learned a level 3 spell: Ignite Poison
   436 | D:4      | Reached skill level 1 in Conjurations
   436 | D:4      | Reached skill level 1 in Hexes
   436 | D:4      | Reached skill level 1 in Summonings
   436 | D:4      | Reached skill level 1 in Necromancy
   436 | D:4      | Reached skill level 1 in Translocations
   436 | D:4      | Reached skill level 1 in Fire Magic
   436 | D:4      | Reached skill level 1 in Ice Magic
   436 | D:4      | Reached skill level 1 in Air Magic
   436 | D:4      | Reached skill level 1 in Earth Magic
   498 | D:4      | Found a staircase to the Ecumenical Temple.
   505 | Temple   | Entered the Ecumenical Temple
   543 | Temple   | Became a worshipper of Ashenzari the Shackled
   581 | D:4      | Reached XP level 5. HP: 20/37 MP: 9/12
   625 | D:5      | Entered Level 5 of the Dungeon
   678 | D:5      | Reached skill level 2 in Invocations
   678 | D:5      | Reached XP level 6. HP: 25/44 MP: 4/13
   688 | D:5      | Reached skill level 2 in Fighting
   688 | D:5      | Reached skill level 2 in Short Blades
   688 | D:5      | Reached skill level 2 in Long Blades
   688 | D:5      | Reached skill level 2 in Axes
   688 | D:5      | Reached skill level 2 in Maces & Flails
   688 | D:5      | Reached skill level 2 in Polearms
   688 | D:5      | Reached skill level 2 in Staves
   688 | D:5      | Reached skill level 2 in Slings
   688 | D:5      | Reached skill level 2 in Bows
   688 | D:5      | Reached skill level 2 in Crossbows
   688 | D:5      | Reached skill level 2 in Throwing
   688 | D:5      | Reached skill level 2 in Armour
   688 | D:5      | Reached skill level 5 in Dodging
   688 | D:5      | Reached skill level 2 in Shields
   688 | D:5      | Reached skill level 2 in Unarmed Combat
   688 | D:5      | Reached skill level 2 in Evocations
   735 | D:4      | Reached XP level 7. HP: 18/50 MP: 0/15
   806 | D:5      | Reached skill level 2 in Conjurations
   806 | D:5      | Reached skill level 2 in Hexes
   806 | D:5      | Reached skill level 2 in Summonings
   806 | D:5      | Reached skill level 2 in Necromancy
   806 | D:5      | Reached skill level 2 in Translocations
   806 | D:5      | Reached skill level 2 in Fire Magic
   806 | D:5      | Reached skill level 2 in Ice Magic
   806 | D:5      | Reached skill level 2 in Air Magic
   806 | D:5      | Reached skill level 2 in Earth Magic
   854 | D:6      | Noticed Sigmund
   874 | D:6      | HP: 2/51 [poisoned by a worker ant]
   877 | D:6      | Killed Sigmund
   878 | D:6      | Reached skill level 5 in Stealth
   878 | D:6      | Reached skill level 3 in Transmutations
   878 | D:6      | Reached skill level 3 in Invocations
   878 | D:6      | Succumbed to a worker ant's poison

Illustrated notes

Levels and vault maps discovered:
D:1:      amcnicky_arrival_double_pillar, layout_loops_ring
D:2:      layout_rooms, xom_butterflies
D:3:      layout_basic, cheibrodos_ashenzari_chains
D:4:      layout_cave_pods, minmay_temple_entry_statues_fountains,
          kennysheep_windowed_goal
D:5:      layout_basic, gammafunk_temple_overflow_elements
D:6:      layout_loops_ring, kennysheep_mini_moat, tgw_trog,
          nicolae_overflow_hidden_temple, uniq_sigmund, uniq_pikel,
          uniq_crazy_yiuf_cottage
Temple:   kb_temple_of_zot

Skill      XL: |  1  2  3  4  5  6  7 |
---------------+----------------------+-----
Transmutations | 2 3 |  3.1
Spellcasting   | 5 |  5.7
Fighting       | 1 2 |  2.6
Short Blades   | 1 2 |  2.6
Long Blades    | 1 2 |  2.6
Axes           | 1 2 |  2.6
Maces & Flails | 1 2 |  2.6
Polearms       | 1 2 |  2.6
Staves         | 1 2 |  2.6
Slings         | 1 2 |  2.6
Bows           | 1 2 |  2.6
Crossbows      | 1 2 |  2.6
Throwing       | 1 2 |  2.6
Armour         | 1 2 |  2.6
Shields        | 1 2 |  2.6
Unarmed Combat | 1 2 |  2.6
Invocations    | 1 2 3 |  3.0
Evocations     | 1 2 |  2.6
Conjurations   | 1 2 |  2.1
Hexes          | 1 2 |  2.1
Summonings     | 1 2 |  2.1
Necromancy     | 1 2 |  2.1
Translocations | 1 2 |  2.1
Fire Magic     | 1 2 |  2.1
Ice Magic      | 1 2 |  2.1
Air Magic      | 1 2 |  2.1
Earth Magic    | 1 2 |  2.1
Dodging        | 5 |  5.3
Stealth        | 5 |  5.0
Poison Magic   | |  5.9

Action                   |  1- 3 |  4- 6 |  7- 9 || total
-------------------------+-------+-------+-------++-------
Melee: Unarmed           |    11 |       |       ||    11
       Hand axe          |       |    42 |    14 ||    56
       War axe           |       |     8 |       ||     8
       Bite              |       |     3 |     1 ||     4
       Punch             |       |     1 |       ||     1
 Cast: Sting             |    30 |     7 |       ||    37
       Poisonous Vapours |     2 |    11 |     7 ||    20
       Olgreb's Toxic Ra |       |     2 |       ||     2
       Mephitic Cloud    |       |       |     1 ||     1
       Ignite Poison     |       |       |     1 ||     1
Invok: Curse Item        |       |       |     2 ||     2
  Use: Scroll            |       |     6 |       ||     6
       Potion            |       |       |     2 ||     2
 Stab: Sleeping          |       |     1 |     1 ||     2
Armor: Robe              |    11 |     9 |     6 ||    26
Dodge: Dodged            |    20 |    51 |    25 ||    96
